 Dungeon Crawl Stone Soup version 0.29-a0-613-gf2c431b9b9 (webtiles) character file.

Game seed: 801046017450152288

5271 testman the Arsonist (level 10, -1/50 HPs)
             Began as a Deep Elf Fire Elementalist on June 16, 2022.
             Was a Priest of Ashenzari.
             Slain by an orc knight
             ... wielding a +0 trident
              (27 damage)
             ... in a bailey.
             The game lasted 00:57:19 (8801 turns).

testman the Arsonist (Deep Elf Fire Elementalist)   Turns: 8801, Time: 00:57:21

Health: -1/50      AC:  7    Str:  8    XL:     10   Next: 36%
Magic:  22/25      EV: 15    Int: 31    God:    Ashenzari [***...]
Gold:   713        SH:  0    Dex: 21    Spells: 15/28 levels left

rFire   + + .      SeeInvis +   d - staff of fire
rCold   + . .      Faith    .   (no shield)
rNeg    + . .      Spirit   .   M - +0 robe "Burden of Ashenzari" {Fly rElec Regen+ Str+3, Cun, Melee} (curse)
rPois   +          Reflect  .   l - +0 helmet "Pangnostic Lifelessness" {Cun, Alch} (curse)
rElec   +          Harm     .   y - +0 cloak of the Shackled Prison {rPois, Melee, Elem} (curse)
rCorr   .          Rampage  .   (no gloves)
Will    +....      Clarity  +   m - +2 pair of boots "Negligence of Ashenzari" {rF+ rC+ rN+, Cun, Bglg} (curse)
Stlth   +++.......              G - amulet of Ashenzari's Inaction {RegenMP, Range, Alch} (curse)
HPRegen 0.96/turn               h - +6 ring of intelligence
MPRegen 0.59/turn               q - +6 ring of dexterity

@: brilliant, flying
A: no striking features
a: Renounce Religion, Shatter the Chains


You were in a bailey.
You worshipped Ashenzari.
Ashenzari was most pleased with you.
You visited 2 branches of the dungeon, and saw 9 of its levels.
You also visited: Sewer and Bailey.

You collected 1149 gold pieces.
You spent 436 gold pieces at shops.

Inventory:

Hand Weapons
 E - the +7 staff of the Meek {protect, meekguard}
   (You found it on level 4 of the Dungeon)

   It grants its wielder temporary protection when it strikes (+7 to AC).
   It provides extra protection to wielders with little health.
Missiles
 c - 39 poisoned darts
 C - 2 throwing nets
 N - 7 curare-tipped darts
Armour
 l - the cursed +0 helmet "Pangnostic Lifelessness" (worn) {Cun, Alch}
   (You found it on level 1 of the Dungeon)

   It has a curse which improves the following skills: Cunning: Dodging and
   Stealth.
   Alchemy:   Poison Magic and Transmutations.
 m - the cursed +2 pair of boots "Negligence of Ashenzari" (worn) {rF+ rC+ rN+, Cun, Bglg}
   (You bought it in a shop on level 2 of the Dungeon)

   rF:        It protects you from fire.
   rC:        It protects you from cold.
   rN:        It protects you from negative energy.
   It has a curse which improves the following skills: Cunning: Dodging and
   Stealth.
   Beguiling: Conjurations, Hexes and Translocations.
 y - the cursed +0 cloak of the Shackled Prison (worn) {rPois, Melee, Elem}
   (You took it off Crazy Yiuf on level 4 of the Dungeon)

   It has a curse which improves the following skills: Melee Combat: Short
   Blades, Long Blades, Axes, Maces & Flails, Polearms, Staves and Unarmed
   Combat.
   Elements:  Fire Magic, Ice Magic, Air Magic and Earth Magic.
 I - a +0 robe of willpower
 M - the cursed +0 robe "Burden of Ashenzari" (worn) {Fly rElec Regen+ Str+3, Cun, Melee}
   (You found it on level 6 of the Dungeon)

   Str:       It affects your strength (+3).
   rElec:     It insulates you from electricity.
   Fly:       It grants you flight.
   Regen:     It increases your rate of health regeneration.
   It has a curse which improves the following skills: Cunning: Dodging and
   Stealth.
   Melee Combat: Short Blades, Long Blades, Axes, Maces & Flails, Polearms,
   Staves and Unarmed Combat.
Magical Staves
 d - a staff of fire (weapon)
Jewellery
 h - a +6 ring of intelligence (left hand)
 j - a ring of flight
 q - a +6 ring of dexterity (right hand)
 G - the cursed amulet of Ashenzari's Inaction (around neck) {RegenMP, Range, Alch}
   (You found it on level 5 of the Dungeon)

   [amulet of magic regeneration]

   It increases your rate of magic regeneration.
   It has a curse which improves the following skills: Ranged Combat: Slings,
   Bows, Crossbows and Throwing.
   Alchemy:   Poison Magic and Transmutations.
Wands
 r - a wand of mindburst (14)
 w - a wand of paralysis (3)
 D - a wand of flame (14)
 K - a wand of iceblast (18)
Scrolls
 a - a scroll of immolation
 f - 4 scrolls of blinking
 g - 3 scrolls of brand weapon
 i - a scroll of fear
 F - 3 scrolls of teleportation
 H - a scroll of amnesia
 J - 2 scrolls of identify
 L - a scroll of fog
 O - a scroll of vulnerability
Potions
 b - 2 potions of magic
 e - 3 potions of resistance
 k - 2 potions of brilliance
 n - 5 potions of flight
 o - a potion of lignification
 p - 4 potions of curing
 t - a potion of ambrosia
 u - 2 potions of cancellation
 v - a potion of might
 x - 5 potions of invisibility
 z - 3 potions of mutation
 A - 2 potions of haste
 B - 2 potions of degeneration


   Skills:
 + Level 6.7(9.2) Staves
 - Level 2.4(4.9) Dodging
 - Level 2.4(4.9) Stealth
 + Level 9.6 Spellcasting
 + Level 9.3(10.9) Conjurations
 - Level 2.0(3.2) Hexes
 + Level 9.8(11.4) Fire Magic


You had 15 spell levels left.
You knew the following spells:

 Your Spells              Type           Power      Damage    Failure   Level
a - Foxfire               Conj/Fire      100%       2x1d9     1%          1
b - Scorch                Fire           100%       2d10      1%          2
c - Conjure Flame         Conj/Fire      100%       6-21      1%          3
d - Inner Flame           Hex/Fire       94%        N/A       1%          3
e - Flame Wave            Conj/Fire      100%       2d17      1%          4

Your spell library contained the following spells:

 Spells                   Type           Power      Damage    Failure   Level
 Magic Dart               Conj           100%       1d8       1%          1
 Mephitic Cloud           Conj/Pois/Air  55%        N/A       2%          3
 Summon Small Mammal      Summ           88%        N/A       3%          1
 Wereblood                Tmut           25%        N/A       4%          2
 Call Imp                 Summ           22%        N/A       5%          2
 Sublimation of Blood     Necr           22%        N/A       5%          2
 Summon Guardian Golem    Hex/Summ       37%        N/A       5%          3
 Call Canine Familiar     Summ           22%        N/A       11%         3
 Summon Hydra             Summ           11%        N/A       100%        7


Dungeon Overview and Level Annotations

Branches:
Dungeon (8/15)             Temple (1/1) D:4           Sewer (visited)
 Bailey (1/1)
   Lair: D:8-11

Altars:
Ashenzari
Cheibriados
Dithmenos
Elyvilon
Fedhas
Hepliaklqana
Kikubaaqudgha
Makhleb
Nemelex Xobeh
Okawaru
Ru
Sif Muna
Trog
Uskayaw
Vehumet
Wu Jian
Xom
Yredelemnul
Zin
The Shining One
Beogh

Shops:
D:2 [


Message History

Press: ? - help, Dir - move target, f - orc knight
Aim: an orc knight, wielding a +0 trident and wearing a +0 plate armour (lightly wounded, more vulnerable to fire, ally target, chance to affect: 95%)
You feel a strong surge of power!
The orc knight is filled with an inner flame.
The foxfire hits the orc knight but does no damage.
The orc knight is lightly wounded.
Your foxfire dissipates!
Casting: Inner Flame (safe; 1% risk of failure)
Confirm with . or Enter, or press ? or * to list all spells.
You feel a strong surge of power!
Flames lash the orc knight.
Flame seeps out of the orc knight.
The orc knight is lightly wounded.
The orc knight is engulfed in blazing flames.
Flame seeps out of the orc knight.
The orc knight closely misses you.
Casting: Foxfire (safe; 1% risk of failure)
Press: ? - help, Q - select action, (/) - cycle Dir - look around, f - activate You feel a strong surge of power!
You conjure some foxfire!
The orc knight is engulfed in blazing flames.
Flame seeps out of the orc knight.
The orc knight hits you from afar with a +0 trident!!
Ouch! That really hurt!
Casting: Foxfire (safe; 1% risk of failure)
Confirm with . or Enter, or press ? or * to list all spells.
Casting: Flame Wave (safe; 1% risk of failure)
Press: ? - help, Dir - look around, f - activate
Okay, then.
The foxfire hits the orc knight.
The orc knight is lightly wounded.
The foxfire hits the orc knight.
The orc knight is lightly wounded.
Your foxfire dissipates!
The orc knight roars a battlecry!
Casting: Flame Wave (safe; 1% risk of failure)
Confirm with . or Enter, or press ? or * to list all spells.
You feel a strong surge of power!
Flames lash the orc knight.
The orc knight is lightly wounded.
The orc knight's fire resistance burns away.
The orc knight hits you from afar with a +0 trident!!
Ouch! That really hurt!
You die...

.................................
≈≈≈≈≈.................≈≈≈≈≈......
≈###≈≈...............≈≈###≈≈.....
##.##≈...............≈##.##≈.....
#.........................#≈.....
##.∩#≈...............≈#∩.##≈.....
≈#.##≈....#######....≈##.#≈≈.....
≈≈.≈≈≈....##....##...≈≈≈.≈≈......
..........##..§.@##..............
..........##''o#§.##.............
......##..##oo∩##..#.............
......##.####{####.##...)........
......##.'.#o. #.§.##............
......##.###._ ###.##............
......##.'.#?o∆#.'.##............
......##.#########.##............
.......#..##.#)##).#.............


You could see 2 orc knights and an orc warrior (strong).

Vanquished Creatures
  6 yaks
  Menkaure (D:6)
  12 orc warriors
  A water moccasin (D:7)
  2 ice beasts
  A black bear (D:6)
  A sky beast (D:7)
  3 centaurs
  An ogre (D:7)
  4 phantoms
  3 kobold brigands
  A bullfrog (D:8)
  2 necrophages
  4 scorpions
  A gnoll sergeant (D:6)
  5 wights (D:7)
  5 killer bees (D:8)
  2 vampire bats (D:6)
  7 jellies
  A hound (D:5)
  An orc priest (D:4)
  Crazy Yiuf (D:4)
  2 iguanas (D:4)
  Ijyb (D:4)
  An orc wizard (D:6)
  15 gnolls
  7 adders
  5 river rats
  A shadow imp (D:6)
  4 white imps
  2 ufetubi
  5 worms
  A dart slug (D:1)
  13 orcs
  5 ball pythons
  9 bats
  16 endoplasms
  4 giant cockroaches
  4 goblins
  8 hobgoblins
  13 jackals
  5 frilled lizards
  24 kobolds
  8 rats
218 creatures vanquished.

Vanquished Creatures (others)
  A jelly (D:6)
  265 foxfires
  4 plants (D:4)
270 creatures vanquished.

Grand Total: 488 creatures vanquished

Notes
Turn   | Place    | Note
-------+----------+-------------------------------------------
     0 | D:1      | testman the Deep Elf Fire Elementalist began the quest for
                  | the Orb.
     0 | D:1      | Reached XP level 1. HP: 10/10 MP: 6/6
   114 | D:1      | Reached XP level 2. HP: 15/15 MP: 4/8
   188 | D:1      | Learned a level 2 spell: Scorch
   380 | D:1      | Found a faded altar of an unknown god.
   711 | D:2      | Reached XP level 3. HP: 19/19 MP: 6/10
  1044 | D:2      | Found Podemese's Armour Shop.
  1175 | D:2      | Learned a level 3 spell: Conjure Flame
  1910 | D:3      | Found a sacrificial altar of Ru.
  1925 | D:3      | Became a worshipper of Ru the Awakened
  2723 | D:3      | Reached XP level 4. HP: 24/24 MP: 9/12
  2866 | D:4      | Identified a scroll of acquirement
  2866 | D:4      | Acquired 736 gold pieces
  2905 | D:2      | Bought the +2 pair of boots "Keqeyheh" {rF+ rC+ rN+} for
                  | 436 gold pieces
  3097 | D:4      | Reached XP level 5. HP: 13/28 MP: 1/14
  3145 | D:4      | Found a glowing drain.
  3150 | Sewer    | Entered a sewer
  3342 | Sewer    | Reached skill level 5 in Spellcasting
  3449 | Sewer    | Found a viscous altar of Jiyva.
  3497 | Sewer    | Reached skill level 5 in Fire Magic
  3551 | Sewer    | Reached XP level 6. HP: 32/32 MP: 11/16
  3710 | D:4      | Found a runed translucent door.
  3711 | D:4      | Noticed Crazy Yiuf
  3717 | D:4      | Killed Crazy Yiuf
  4355 | D:4      | Found a staircase to the Ecumenical Temple.
  4371 | Temple   | Entered the Ecumenical Temple
  4534 | Temple   | Fell from the grace of Ru
  4534 | Temple   | Became a worshipper of Ashenzari the Shackled
  4551 | D:4      | Noticed Ijyb
  4559 | D:4      | Killed Ijyb
  5169 | D:4      | Learned a level 3 spell: Inner Flame
  5180 | D:4      | Learned a level 4 spell: Flame Wave
  5307 | D:4      | Found the +7 staff of the Meek {protect, meekguard}
  5526 | D:5      | Entered Level 5 of the Dungeon
  5539 | D:5      | Found a glowing silver altar of Zin.
  5573 | D:5      | Noticed an ice beast
  5577 | D:5      | Killed an ice beast
  5578 | D:5      | Reached skill level 1 in Hexes
  5578 | D:5      | Reached XP level 7. HP: 36/36 MP: 10/18
  5658 | D:5      | Reached skill level 5 in Conjurations
  6016 | D:5      | Reached skill level 1 in Staves
  6381 | D:6      | Noticed a yak
  6385 | D:6      | Noticed a yak
  6385 | D:6      | Noticed a yak
  6386 | D:6      | Noticed a yak
  6387 | D:6      | Killed a yak
  6387 | D:6      | Noticed a yak
  6388 | D:6      | Reached XP level 8. HP: 41/41 MP: 13/19
  6986 | D:6      | Reached XP level 9. HP: 41/45 MP: 7/21
  7038 | D:6      | Reached * piety under Ashenzari
  7112 | D:6      | Noticed Menkaure
  7117 | D:6      | Killed Menkaure
  7294 | D:6      | Reached skill level 5 in Staves
  7321 | D:6      | Identified the +0 robe of Decompression {Fly rElec Regen+
                  | Str+3}
  7352 | D:6      | Found a shadowy altar of Dithmenos.
  7419 | D:6      | Found a shimmering blue altar of Sif Muna.
  7419 | D:6      | Identified Sif Muna's Collected Works on Shape Shifting
  7419 | D:6      | Identified Sif Muna's Tome of Moulding
  7419 | D:6      | Identified Sif Muna's Grimoire of the Birds
  7632 | D:6      | Found a radiant altar of Vehumet.
  7792 | D:7      | Reached ** piety under Ashenzari
  8191 | D:7      | Reached XP level 10. HP: 50/50 MP: 20/24
  8401 | D:8      | Found a flagged portal.
  8402 | D:8      | Identified the +11 spear "Tuheddin" {protect, Will- Int+3
                  | Dex+4}
  8410 | Bailey   | Entered a bailey
  8474 | Bailey   | Reached *** piety under Ashenzari
  8795 | Bailey   | Noticed an orc knight
  8796 | Bailey   | Noticed an orc knight
  8801 | Bailey   | Slain by an orc knight

Illustrated notes

Levels and vault maps discovered:
D:1:      dpeg_arrival_fog, layout_rooms, dreamdust_ecumenical_altar_grove
D:2:      layout_basic, serial_shops, shop
D:3:      layout_basic, mainiacjoe_overflow_concentric_impassable
D:4:      layout_layer_cave, minmay_temple_entry_overgrown,
          lightli_sewer_entry_pipes, pf_guarded_unrand_meek, uniq_ijyb,
          uniq_crazy_yiuf_cottage
D:5:      layout_basic, zin_statuary
D:6:      layout_basic, grunt_dithmenos_shadows, nicolae_vehumet_radiance,
          nicolae_sif_muna_little_library, roderic_batcave, minmay_statues_item,
          lemuel_flame_loot_1, uniq_menkaure
D:7:      layout_rooms
D:8:      layout_loops_corners, grunt_qazlal_sundering, enter_bailey_2
Temple:   regret_index_temple_waves
Bailey:   bailey_polearm_2, bailey

Skill      XL: |  1  2  3  4  5  6  7  8  9 10 |
---------------+-------------------------------+-----
Conjurations   | 2 3 4 5 7 8 9 |  9.3
Spellcasting   | 4 5 6 7 8 9 |  9.6
Fire Magic     | 4 5 6 8 9 |  9.8
Hexes          | 1 2 |  2.0
Staves         | 2 4 6 |  6.7
Dodging        | |  2.4
Stealth        | |  2.4

Action                   |  1- 3 |  4- 6 |  7- 9 | 10-12 || total
-------------------------+-------+-------+-------+-------++-------
Melee: Staff             |     5 |    34 |    10 |       ||    49
       Punch             |       |     1 |     1 |       ||     2
Throw: Dart              |       |       |     1 |       ||     1
 Cast: Foxfire           |    32 |    36 |    58 |    26 ||   152
       Scorch            |    28 |    42 |    83 |    38 ||   191
       Flame Wave        |       |       |     9 |       ||     9
       Conjure Flame     |       |       |     4 |     1 ||     5
       Inner Flame       |       |       |     5 |     7 ||    12
Invok: Curse Item        |       |       |     4 |     1 ||     5
  Use: Scroll            |       |     6 |     2 |       ||     8
       Potion            |       |       |       |     2 ||     2
Armor: Robe              |     2 |    12 |    19 |     4 ||    37
Dodge: Dodged            |     2 |    27 |    34 |    24 ||    87

Table legend: (Time is in decaauts)
 A = Elapsed time spent in this place.
 B = Non-inter-level travel time spent in this place.
 C = Inter-level travel time spent in this place.
 D = Time resting spent in this place.
 E = Time spent auto-exploring this place.
 F = Levels seen in this place.
 G = Mean time per level.
                   A        B        C        D        E       F      G
               +--------+--------+--------+--------+--------+-----+--------+
         Total |   8808 |   8437 |    371 |    999 |   5525 |  11 |  800.7 |
       Dungeon |   7782 |   7441 |    341 |    733 |   5336 |   8 |  972.8 |
        Temple |    177 |    147 |     30 |      0 |     42 |   1 |  177.0 |
         Sewer |    458 |    458 |      0 |    174 |    147 |   1 |  458.0 |
        Bailey |    390 |    390 |      0 |     92 |      0 |   1 |  390.0 |
               +--------+--------+--------+--------+--------+-----+--------+

Top non-repeatable levels by time:
     D:4: 1918 daAuts
     D:5: 1369 daAuts
     D:3: 1242 daAuts
     D:2: 1119 daAuts
     D:6: 888 daAuts
     D:1: 616 daAuts
     D:7: 528 daAuts
   Sewer: 458 daAuts
  Bailey: 390 daAuts
  Temple: 177 daAuts
     D:8: 97 daAuts
